 Dungeon Crawl Stone Soup version 0.26.1-11-gd32895ea62 (webtiles) character file.

Game seed: 3183521269747076559

770 Almogavar the Slasher (level 7, -1/64 HPs)
             Began as a Palentonga Berserker on July 19, 2021.
             Was a Priest of Trog.
             Slain by a killer bee (3 damage)
             ... on level 5 of the Dungeon.
             The game lasted 00:11:50 (4927 turns).

Almogavar the Slasher (Palentonga Berserker)        Turns: 4927, Time: 00:11:52

Health: -1/64      AC: 18    Str: 23    XL:     7   Next: 53%
Magic:  7/7        EV:  9    Int:  7    God:    Trog [***...]
Gold:   259        SH: 11    Dex:  9    Spells: 6/6 levels left

rFire    . . .     SeeInvis +   a - +0 falchion
rCold    . . .     Faith    .   o - +2 buckler
rNeg     + . .     Spirit   .   w - +4 scale mail {rN+}
rPois    .         Reflect  +   (no helmet)
rElec    .         Harm     .   (no cloak)
rCorr    .         Rampage  .   j - +0 pair of gloves
Will     .....                  (no barding)
Stlth    ..........             i - amulet of reflection
HPRegen  0.20/turn              (no ring)
MPRegen  0.10/turn              (no ring)

@: lethally poisoned (-1 -> -7), berserk cooldown, slowed, curled up, very slow
A: large, rugged brown scales 3, see invisible, deformed body, roll 1, armoured
tail, reflexive curl
a: Rolling Charge, Renounce Religion, Berserk, Trog's Hand


You were on level 5 of the Dungeon.
You worshipped Trog.
Trog was most pleased with you.
You visited 1 branch of the dungeon, and saw 5 of its levels.
You also visited: Sewer.

You collected 259 gold pieces.

Inventory:

Hand Weapons
 a - a +0 falchion (weapon)
Armour
 j - a +0 pair of gloves (worn)
 o - a +2 buckler (worn)
 w - a +4 scale mail of positive energy (worn)
Jewellery
 i - an amulet of reflection (around neck)
Wands
 g - a wand of flame (32)
Scrolls
 c - 7 scrolls of remove curse
 h - 2 scrolls of magic mapping {unknown}
 k - 3 scrolls of fear
 l - 2 scrolls of enchant weapon
 n - a scroll of blinking {unknown}
 p - 2 scrolls of teleportation {unknown}
 r - a scroll of fog {unknown}
 u - 2 scrolls of enchant armour {unknown}
 v - a scroll of noise {unknown}
Potions
 e - a potion of lignification
 f - a potion of flight
 q - 2 potions of curing
 s - a potion of brilliance {unknown}
 t - 2 potions of berserk rage


   Skills:
 + Level 4.6 Fighting
 + Level 6.2 Long Blades
 + Level 2.1 Armour
 + Level 2.9 Dodging
 + Level 2.9 Shields


You had 6 spell levels left.
You didn't know any spells.
Your spell library was empty.

Dungeon Overview and Level Annotations

Branches:
Dungeon (5/15)              Sewer (visited)
 Temple: D:4-7

Altars:
Yredelemnul

Shops:
D:4 (


Innate Abilities, Weirdness & Mutations

You are completely covered in rugged brown scales. (AC +3, +7% HP)
You have supernaturally acute eyesight. (SInv)
Armour fits poorly on your strangely shaped body.
You can roll at nearby foes to attack.
You have a long armoured tail.
You curl defensively after being hit.


Message History

The killer bee is heavily wounded.
The killer bee stings you!
* * * LOW HITPOINT WARNING * * *
You are poisoned.
The killer bee poisons you! You block the killer bee's attack.
The killer bee barely misses you.
The killer bee stings you but does no damage. x2
You miss the killer bee.
The killer bee is almost dead.
Your skin stops crawling.
You feel less strong-willed.
You feel sick. The killer bee stings you.
* * * LOW HITPOINT WARNING * * *
The killer bee closely misses you.
The killer bee stings you but does no damage. x2
You block the killer bee's attack. The killer bee stings you.
* * * LOW HITPOINT WARNING * * *
You are more poisoned.
The killer bee poisons you! You block the killer bee's attack.
The killer bee stings you.
You die...

# ..
##.#.####+####.
...............
#.............y
#...(...".y. #
#.### # #..#...#
.# #..#y#.####.##
.##..#@#...#...#
.......yy........
.................
(....>...........
.................
........<........
.................
.................
................


You could see 3 killer bees.

Vanquished Creatures
  The ghost of Dadi the Skirmisher, an amateur GrFi (D:3)
  Edmund (D:4)
  2 killer bees (D:5)
  2 orc priests (D:4)
  4 orc wizards
  A bullfrog skeleton (D:4)
  A worker ant (D:4)
  A hound skeleton (D:3)
  2 worker ant zombies
  3 adders
  4 gnolls (D:3)
  An adder skeleton (D:3)
  A worm (D:4)
  3 dart slugs
  2 leopard geckos
  11 orcs
  2 giant cockroaches
  4 goblins
  12 hobgoblins
  12 jackals
  12 kobolds
  3 quokkas
  4 ball pythons (Sewer)
  12 bats
  6 frilled lizards
  A jackal zombie (D:3)
  9 rats
  A spectral orc (D:4)
118 creatures vanquished.

Vanquished Creatures (others)
  A kobold (Sewer)
  18 plants (Sewer)
  A withered plant (D:3)
20 creatures vanquished.

Grand Total: 138 creatures vanquished

Notes
Turn   | Place    | Note
-------+----------+-------------------------------------------
     0 | D:1      | Almogavar the Palentonga Berserker began the quest for the
                  | Orb.
     0 | D:1      | Reached XP level 1. HP: 20/20 MP: 1/1
    98 | D:1      | Reached XP level 2. HP: 16/27 MP: 2/2
   439 | D:1      | You fall into a shaft and drop 1 floor!
   604 | D:1      | Reached XP level 3. HP: 33/33 MP: 3/3
   850 | D:1      | Reached ** piety under Trog
  1619 | D:3      | Reached skill level 4 in Long Blades
  1729 | D:3      | Reached XP level 4. HP: 39/42 MP: 4/4
  1929 | D:3      | Found a glowing drain.
  1939 | Sewer    | Entered a sewer
  2112 | Sewer    | Reached *** piety under Trog
  2652 | D:3      | Reached XP level 5. HP: 46/49 MP: 5/5
  2995 | D:3      | Reached skill level 1 in Shields
  3319 | D:3      | Found a runed translucent door.
  3319 | D:3      | Noticed Dadi's ghost (amateur GrFi)
  3463 | D:3      | Killed Dadi's ghost
  3464 | D:3      | Reached skill level 5 in Long Blades
  3464 | D:3      | Reached XP level 6. HP: 55/55 MP: 6/6
  3799 | D:4      | Found Taorias's Antique Weapon Shop.
  3810 | D:4      | Noticed Edmund
  3850 | D:4      | Killed Edmund
  3851 | D:4      | Gained mutation: You curl defensively after being hit.
                  | [Palentonga growth]
  3851 | D:4      | Reached XP level 7. HP: 29/64 MP: 7/7
  4258 | D:4      | Found a basalt altar of Yredelemnul.
  4472 | D:4      | Reached skill level 6 in Long Blades
  4884 | D:5      | Entered Level 5 of the Dungeon
  4927 | D:5      | HP: 2/64 [killer bee (6)]
  4927 | D:5      | Slain by a killer bee

Illustrated notes

Levels and vault maps discovered:
D:1:      minmay_arrival_cross, layout_basic, roderic_lattice_a
D:2:      layout_loops_cross
D:3:      layout_basic, serial_undead, serial_undead_e, serial_undead_b,
          serial_undead_c, serial_undead_b, ebering_ghost_inner_flame,
          cheibrodos_sewer_entry_drain
D:4:      layout_basic, yredelemnul_forgotten_temple_becter, serial_forest,
          infiniplex_forest_end_3, infiniplex_forest_lined_2,
          infiniplex_forest_split, infiniplex_forest_straight_2,
          infiniplex_forest_lined_room_, infiniplex_forest_end_3,
          infiniplex_forest_lined_room_2, serial_shops, shop, uniq_edmund
D:5:      layout_basic, minmay_temple_entry_butterflies,
          kennysheep_generic_room_12

Skill      XL: |  1  2  3  4  5  6  7 |
---------------+----------------------+-----
Long Blades    | 4 5 6 |  6.2
Dodging        | 2 |  2.9
Shields        | 1 2 |  2.9
Fighting       | 4 |  4.6
Armour         | 2 |  2.1

Action                   |  1- 3 |  4- 6 |  7- 9 || total
-------------------------+-------+-------+-------++-------
Melee: Falchion          |   112 |   199 |    75 ||   386
       Tailslap          |     9 |    19 |     7 ||    35
Invok: Berserk           |       |     4 |     2 ||     6
       Trog's Hand       |       |     3 |     1 ||     4
 Abil: Rolling Charge    |    33 |    19 |     7 ||    59
  Use: Scroll            |     3 |     1 |     2 ||     6
       Potion            |       |     2 |     2 ||     4
 Stab: Distracted        |       |     1 |       ||     1
Armor: Animal skin       |    36 |    38 |       ||    74
       Scale mail        |       |    16 |    44 ||    60
       Skin              |       |     9 |       ||     9
Dodge: Dodged            |    53 |    73 |    43 ||   169
Block: Other             |     7 |     9 |       ||    16
       Buckler           |       |   102 |    73 ||   175
       Reflection        |       |     5 |       ||     5
       Rpst.: Falchion   |    20 |    20 |    21 ||    61
